AoeStats
← [doGs] Charlie the Flamingo.

Arena

508020312Analyzed
4v4 RM · 11d ago on Sep 20, 2026· 75m 59s· 8 players
Game mode
Random Map
Map size
Large (8 player)
Population
200
Speed
Normal
Resources
Standard
Victory
Conquest
Starting age
Dark Age
Ending age
Imperial Age
RankedLock teamsTeams togetherTeam positionsShared explorationLock speedFull tech treeHidden civsTurbo modeCheats
Victory
Defeat
🇨🇿 Bulgarians · Czechia
1057
+15
1051
+15
🇩🇪 Wu · Germany
958
+19
🇨🇳 Khmer · China
957
+19
🇨🇦 Britons · Canada
1041
-18
🇦🇷 Wu · Argentina
1041
-31
🇺🇸 Khmer · United States
1019
-17
🇮🇪 Huns · Ireland
986
-15
hotzmann
11:44 Feudal Age
14:26 Castle Age
12:23 Double-Bit Axe
12:59 Horse Collar
15:47 Wheelbarrow
16:13 Bow Saw
16:06 Heavy Plow
18:25 Wheelbarrow
20:42 Hand Cart
20:43 Gold Mining
21:28 Stone Mining
21:49 Loom
24:22 Town Watch
26:59 Gold Shaft Mining
31:38 Imperial Age
30:47 Padded Archer Armor
33:23 Leather Archer Armor
33:26 Double Crossbow
34:56 Ring Archer Armor
40:16 Scale Mail Armor
39:58 Pikeman
41:19 Scale Barding Armor
41:25 Forging
41:06 Elite Ballista Elephant
42:27 Halberdier
45:16 Fletching
48:58 Chain Mail Armor
56:22 Iron Casting
70:16 Bloodlines
70:07 Husbandry
69:28 Elite Battle Elephant
Big Naturals
11:00 Feudal Age
11:26 Double-Bit Axe
11:33 Loom
15:30 Castle Age
21:47 Fletching
23:51 Bodkin Arrow
23:43 Horse Collar
24:33 Ballistics
24:58 Padded Archer Armor
26:59 Gold Mining
28:12 Bow Saw
33:08 Imperial Age
33:49 Bracer
34:08 Warwolf
34:44 Leather Archer Armor
36:43 Wheelbarrow
37:24 Chemistry
41:04 Yeomen
40:55 Elite Longbowman
48:53 Conscription
49:16 Ring Archer Armor
50:26 Two-Man Saw
49:57 Fortified Wall
49:58 Masonry
53:13 Architecture
q721372930
11:29 Feudal Age
15:26 Castle Age
13:12 Loom
14:12 Gold Mining
14:08 Double-Bit Axe
16:01 Bloodlines
18:49 Husbandry
19:59 Scale Barding Armor
28:42 Chain Barding Armor
30:04 Wheelbarrow
29:41 Horse Collar
31:11 Bow Saw
32:05 Stone Mining
34:11 Forging
34:53 Hand Cart
35:41 Gold Shaft Mining
35:13 Heavy Plow
38:58 Imperial Age
36:42 Marauders
37:19 Iron Casting
41:14 Conscription
49:02 Fletching
55:54 Plate Barding Armor
56:20 Blast Furnace
58:47 Elite Tarkan
Yogonzaga
11:16 Feudal Age
16:32 Castle Age
14:35 Double-Bit Axe
15:09 Loom
15:12 Horse Collar
15:43 Gold Mining
18:05 Bow Saw
19:04 Wheelbarrow
28:29 Imperial Age
25:56 Fletching
26:07 Padded Archer Armor
27:11 Bodkin Arrow
28:07 Hand Cart
27:39 Town Watch
28:33 Ballistics
28:08 Murder Holes
29:42 Conscription
30:03 Stone Mining
31:14 Bracer
31:30 Leather Archer Armor
31:24 Red Cliffs Tactics
32:51 Two-Man Saw
33:15 Town Patrol
33:17 Heavy Plow
35:00 Forging
34:55 Scale Barding Armor
34:26 Elite Fire Archer
35:09 Sitting Tiger
38:24 Chemistry
37:16 Guard Tower
37:37 Masonry
38:04 Husbandry
40:02 Iron Casting
40:34 Bloodlines
43:38 Scale Mail Armor
46:52 Light Cavalry
51:08 Architecture
51:14 Keep
56:50 Coinage
Wurp_AAS
13:40 Feudal Age
11:57 Loom
17:52 Castle Age
16:13 Fletching
16:24 Double-Bit Axe
16:22 Horse Collar
17:41 Wheelbarrow
17:27 Stone Mining
[doGs] Charlie the Flamingo.
0:41 Loom
12:48 Feudal Age
17:11 Castle Age
15:14 Double-Bit Axe
15:59 Stone Mining
16:01 Gold Mining
15:54 Horse Collar
16:55 Town Watch
18:39 Wheelbarrow
18:20 Bow Saw
18:13 Heavy Plow
22:20 Murder Holes
24:51 Pikeman
26:14 Fervor
26:00 Herbal Medicine
26:14 Fletching
26:45 Bodkin Arrow
27:15 Ballistics
27:32 Fortified Wall
29:08 Hand Cart
33:38 Gold Shaft Mining
35:51 Imperial Age
34:01 Forging
33:52 Scale Mail Armor
33:58 Scale Barding Armor
37:06 Conscription
36:58 Ballistas
37:47 Masonry
38:06 Comitatenses
37:12 Elite Skirmisher
38:58 Iron Casting
38:24 Padded Archer Armor
39:18 Architecture
40:49 Crop Rotation
43:11 Blast Furnace
42:27 Leather Archer Armor
42:27 Chain Mail Armor
44:28 Chemistry
43:34 Siege Engineers
46:50 Town Patrol
46:40 Elite Centurion
48:13 Squires
47:33 Man-at-Arms
48:37 Long Swordsman
50:13 Bloodlines
50:06 Husbandry
49:39 Legionary
50:43 Guard Tower
51:25 Ring Archer Armor
51:16 Chain Barding Armor
52:05 Heavy Scorpion
52:08 Onager
54:35 Plate Barding Armor
54:38 Keep
53:27 Halberdier
53:44 Capped Ram
58:06 Siege Ram
60:11 Cavalier
60:12 Light Cavalry
Archon
12:43 Feudal Age
15:19 Horse Collar
18:07 Castle Age
15:54 Loom
16:52 Double-Bit Axe
22:44 Gold Mining
22:44 Stone Mining
22:56 Heavy Plow
23:12 Bow Saw
29:31 Fletching
29:41 Padded Archer Armor
29:53 Forging
29:43 Scale Mail Armor
29:48 Scale Barding Armor
33:22 Imperial Age
31:47 Chain Mail Armor
32:19 Chain Barding Armor
32:35 Iron Casting
32:37 Wheelbarrow
31:51 Town Watch
32:19 Stirrups
33:25 Elite Konnik
34:28 Conscription
37:54 Blast Furnace
37:38 Plate Barding Armor
37:36 Crop Rotation
43:43 Plate Mail Armor
62:35 Bodkin Arrow
62:55 Leather Archer Armor
66:59 Caravan
67:33 Squires
67:35 Pikeman
67:40 Elite Skirmisher
69:01 Hand Cart
68:40 Halberdier
69:06 Arson
71:25 Light Cavalry
72:16 Bloodlines
72:29 Hussar
76:30 Bracer
76:45 Leather Archer Armor
aoc2020
10:46 Feudal Age
13:44 Castle Age
12:19 Double-Bit Axe
14:41 Bow Saw
14:13 Horse Collar
20:37 Wheelbarrow
21:12 Heavy Plow
21:04 Stone Mining
23:00 Gold Mining
23:32 Loom
24:09 Hand Cart
26:38 Gold Shaft Mining
30:49 Imperial Age
29:23 Ballistics
29:57 Forging
29:53 Scale Barding Armor
30:43 Fortified Wall
31:19 Iron Casting
31:06 Chain Barding Armor
31:29 Bloodlines
30:39 Light Cavalry
32:49 Conscription
33:22 Double Crossbow
35:09 Chemistry
35:41 Siege Engineers
36:28 Heavy Scorpion
Connection lost

Rejoining the realm…

Still unreachable

The connection could not be restored.

Session expired

The server has moved on; the page needs a fresh start.